 Dungeon Crawl Stone Soup version 0.15-a0-23-gfd8676b (webtiles) character file.

1127 Herrn the Fighter (level 7, 70/70 HPs)
             Began as a Minotaur Fighter on Mar 31, 2014.
             Quit the game on Level 5 of the Dungeon.
             The game lasted 00:10:46 (3916 turns).

Herrn the Fighter (Minotaur Fighter)                Turns: 3916, Time: 00:10:46

HP  70/70        AC 13     Str 21      XL: 7   Next: 83%
MP   8/8         EV  1     Int  5      God:
Gold 208         SH 30     Dex 13      Spells:  0 memorised, 11 levels left

rFire  . . .     SeeInvis .     a - +0,-1 long sword
rCold  . . .     Clarity  .     f - +0 plate armour
rNeg   . . .     Conserve .     l - +2 large shield
rPois  .         rCorr    .     (helmet restricted)
rElec  .         rRot     .     u - +0 cloak
SustAb . .       Spirit   .     E - +0 pair of gloves
rMut   .         Warding  .     (no boots)
Gourm  +         Stasis   .     t - amulet of the gourmand
MR     .....                    (no ring)
                                h - +2 ring of dexterity

@: not resistant to hostile enchantments, extremely unstealthy
A: retaliatory headbutt, horns 2
a: no special abilities


You were on level 5 of the Dungeon.
You were full.

You visited 1 branch of the dungeon, and saw 5 of its levels.

You collected 208 gold pieces.

Inventory:

Hand weapons
 a - a +0,-1 long sword (weapon)
 c - a +1,+0 long sword
 s - a +0,+0 scimitar
 K - a +0,+0 falchion
Armour
 f - a +0 plate armour (worn)
 l - a +2 large shield (worn)
 u - a +0 cloak (worn)
 E - a +0 pair of gloves (worn)
Magical devices
 H - a wand of flame (0)
 I - a wand of magic darts (1)
Comestibles
 d - 3 bread rations
 n - a pear
 p - 7 sultanas
 A - a choko
 D - a rambutan
 G - an apple
 J - 2 honeycombs
Scrolls
 b - a scroll of fear {unknown}
 g - a scroll of remove curse {unknown}
 j - a scroll of identify {unknown}
 k - a scroll of teleportation {unknown}
 q - a scroll of immolation {unknown}
 r - a scroll of recharging {unknown}
 v - a scroll of amnesia {unknown}
 w - a scroll of blinking {unknown}
 x - 2 scrolls of noise {unknown}
 y - 2 scrolls of enchant weapon II {unknown}
Jewellery
 h - a +2 ring of dexterity (left hand)
 t - an amulet of the gourmand (around neck)
Potions
 e - a potion of might
 i - a potion of mutation {unknown}
 m - 2 potions of haste
 o - 4 potions of curing
 z - a potion of poison {unknown}
 C - a potion of magic {unknown}
 F - 3 potions of heal wounds
Books
 B - a book of Power

   Spells                             Type                      Level
   Fulminant Prism                    Conjuration/Hexes            4
   Iskenderun's Mystic Blast          Conjuration                  4
   Venom Bolt                         Conjuration/Poison           5
   Bolt of Magma                      Conjuration/Fire/Earth       5
   Iron Shot                          Conjuration/Earth            6
   Orb of Destruction                 Conjuration                  7


   Skills:
 * Level 9.2 Fighting
 + Level 5.0 Long Blades
 - Level 3.6 Armour
 - Level 3.6 Shields
 * Level 2.5 Spellcasting


You had 11 spell levels left.
You didn't know any spells.

Dungeon Overview and Level Annotations

Branches:
Dungeon (5/15)
 Temple: D:4-7

Altars:
Yredelemnul
Jiyva

Shops:
D:4 }


Innate Abilities, Weirdness & Mutations

You reflexively headbutt those who attack you in melee.
You have a pair of horns on your head.


Message History

There is an open door here.
A kobold skeleton comes into view.
You see here a falchion.
K - a falchion You slash the kobold skeleton!
You destroy the kobold skeleton!
A goblin comes into view.
The goblin shouts!
Your plate armour prevents you from hitting the goblin.
You block the goblin's attack.
You closely miss the goblin. You block the goblin's attack.
You block the goblin's attack.
You hit the goblin but do no damage. Your headbutt misses the goblin.
The goblin hits you but does no damage.
You closely miss the goblin. You block the goblin's attack.
You slash the goblin!
You kill the goblin!
Unknown command.
Unknown command.
Are you sure you want to abandon this character and quit the game? (Confirm with "yes".)

####### #.....#
###.....########
#...._.........#
#..............#
#....@.........#
...................#
..................#
.....####....>....#
..... #.........#
... #.........# .
#.........#
#.........## ..
###'#......####


There were no monsters in sight!

Vanquished Creatures
  The ghost of Zurvan the Covered, an average MiFi (D:4)
  A black bear (D:4)
  An ogre (D:5)
  Duvessa (D:5)
  2 jellies (D:5)
  Dowan (D:5)
  A hound (D:4)
  A giant frog skeleton (D:4)
  2 orc wizards (D:4)
  3 worker ants
  An ogre skeleton (D:4)
  7 adders
  A giant mite (D:3)
  4 worms
  4 giant geckos
  5 oozes
  5 orcs
  9 bats
  2 giant cockroaches
  5 goblins
  6 hobgoblins
  A quokka (D:3)
  A ball python (D:4)
  6 giant newts
  7 kobolds
  A kobold skeleton (D:5)
  A quokka skeleton (D:4)
  8 rats
88 creatures vanquished.

Notes
Turn   | Place    | Note
--------------------------------------------------------------
     0 | D:1      | Herrn, the Minotaur Fighter, began the quest for the Orb.
     0 | D:1      | Reached XP level 1. HP: 19/19 MP: 1/1
   180 | D:1      | Reached skill level 4 in Fighting
   227 | D:1      | Reached XP level 2. HP: 18/27 MP: 1/1
   629 | D:2      | Found a basalt altar of Yredelemnul.
   773 | D:2      | Reached XP level 3. HP: 35/35 MP: 2/2
  1071 | D:2      | Reached skill level 5 in Fighting
  1424 | D:3      | Reached XP level 4. HP: 25/42 MP: 2/2
  1606 | D:3      | Reached skill level 1 in Spellcasting
  2211 | D:3      | Reached skill level 6 in Fighting
  2221 | D:3      | Reached XP level 5. HP: 45/50 MP: 4/4
  2582 | D:4      | Found Iral's Gadget Shoppe.
  2848 | D:4      | Reached skill level 7 in Fighting
  2862 | D:4      | Reached XP level 6. HP: 53/60 MP: 6/6
  2901 | D:4      | Noticed Zurvan's ghost (average MiFi)
  2936 | D:4      | Killed Zurvan's ghost
  2936 | D:4      | Reached skill level 8 in Fighting
  3221 | D:4      | Noticed a black bear
  3226 | D:4      | Killed a black bear
  3226 | D:4      | Reached XP level 7. HP: 66/68 MP: 8/8
  3483 | D:5      | Entered Level 5 of the Dungeon
  3483 | D:5      | Noticed Dowan
  3500 | D:5      | Noticed Duvessa
  3512 | D:5      | Killed Duvessa
  3520 | D:5      | HP: 3/69 [Dowan/wand of flame (1)]
  3523 | D:5      | Killed Dowan
  3864 | D:5      | Reached skill level 9 in Fighting
  3873 | D:5      | Found a viscous altar of Jiyva.
  3885 | D:5      | Reached skill level 5 in Long Blades
  3916 | D:5      | Quit the game

Action                   |  1- 3 |  4- 6 |  7- 9 || total
-------------------------+-------+-------+-------++-------
Melee: Long sword        |    47 |       |    22 ||    69
       Scimitar          |    55 |   175 |    40 ||   270
  Use: Potion            |       |     1 |     1 ||     2
